[Event "*** Titled Tuesday 3|2 Blitz"]
[Site "Chess.com"]
[Date "2016.08.02"]
[Round "9"]
[White "lukas_111111"]
[Black "Bab3s"]
[Result "1-0"]
[WhiteElo "2246"]
[BlackElo "2139"]
[TimeControl "180+2"]
[EndTime "13:01:46 PDT"]
[Termination "lukas_111111 won on time"]

1. e4 e5 2. Nf3 Nc6 3. Bb5 a6 4. Ba4 Nf6 5. O-O b5 6. Bb3 Be7 7. Re1 d6 8. c3 O-O 9. h3 Na5 10. Bc2 c5 11. d4 Qc7 12. d5 Bd7 13. b3 Ne8 14. Be3 g6 15. Nbd2 Ng7 16. a4 Nb7 17.
b4 a5 18. axb5 axb4 19. c4 Rfb8 20. Ba4 Bd8 21. Ng5 f6 22. Ngf3 Qc8 23. Nh2 Ra7 24. Ng4 Rba8 25. Nh6+ Kf8 26. f4 Be7 27. Rf1 Nd8 28. fxe5 dxe5 29. d6 Bxd6 30. Rxf6+ Ke7 31. Bg5 1-0

[Event "*** Titled Tuesday 3|2 Blitz"]
[Site "Chess.com"]
[Date "2016.08.02"]
[Round "9"]
[White "DrHolmes13"]
[Black "Usurpov"]
[Result "1-0"]
[WhiteElo "2406"]
[BlackElo "2334"]
[TimeControl "180+2"]
[EndTime "13:01:51 PDT"]
[Termination "DrHolmes13 won by resignation"]

1. d4 Nf6 2. c4 g6 3. Nc3 d5 4. Nf3 Bg7 5. Qb3 dxc4 6. Qxc4 O-O 7. e4 Bg4 8. Be2 Nfd7 9. Be3 Nb6 10. Qd3 Bxf3 11.
gxf3 e6 12. h4 Nc6 13. O-O-O e5 14. d5 Nd4 15. h5 c6 16. hxg6 fxg6 17. Kb1 cxd5 18.
exd5 Rc8 19. Rc1 Nc4 20. Ne4 b5 21. d6 Qd7 22. Ng5 Nxe3 23. fxe3 Nxe2 24. Qd5+ Rf7 25.
Rxc8+ Qxc8 26. Qxf7+ 1-0

[Event "*** Titled Tuesday 3|2 Blitz"]
[Site "Chess.com"]
[Date "2016.08.02"]
[Round "9"]
[White "LaStreetCmaMaison"]
[Black "GeorgMeier"]
[Result "1-0"]
[WhiteElo "2539"]
[BlackElo "2694"]
[TimeControl "180+2"]
[EndTime "13:01:56 PDT"]
[Termination "LaStreetCmaMaison won by resignation"]

1. b3 d5 2. Bb2 Nf6 3. Nf3 Bf5 4. e3 e6 5. Be2 h6 6. O-O Be7 7. c4 O-O 8. d4 c6 9. Nc3 Nbd7 10. a3 Ne4 11. Nxe4 Bxe4 12. Rc1 a5 13. Qd2 Re8 14. Rfd1 Bd6 15. Ne5 Qe7 16. Nxd7 Qxd7 17. c5 Bc7 18. Bc3 Qe7 19. f3 Bg6 20. f4 f6 21. Rf1 e5 22.
dxe5 fxe5 23. f5 Bf7 24. Bb2 Qg5 25. Rf3 e4 26. Rf2 h5 27. Rcf1 h4 28. f6 g6 29.
Bd1 Re6 30. Bd4 Rae8 31. Qe1 Rb8 32. Rf4 Bxf4 33. Rxf4 h3 34. Bg4 hxg2 35. Bxe6 Bxe6 36. f7+ Bxf7 37. Bf6 1-0

[Event "*** Titled Tuesday 3|2 Blitz"]
[Site "Chess.com"]
[Date "2016.08.02"]
[Round "9"]
[White "jcibarra"]
[Black "maheswaran26"]
[Result "1-0"]
[WhiteElo "2657"]
[BlackElo "2076"]
[TimeControl "180+2"]
[EndTime "13:02:14 PDT"]
[Termination "jcibarra won on time"]

1. e4 e5 2. Nf3 Nc6 3. Bb5 a6 4. Bxc6 dxc6 5. O-O Bg4 6. h3 h5 7. d3 Qf6 8. Nbd2 Bd6 9. Re1 Ne7 10. d4 Ng6 11.
hxg4 hxg4 12. Nh2 Rxh2 13. Qxg4 Rh4 14. Qf5 exd4 15. Nf3 Rh8 16. Qxf6 gxf6 17. Nxd4 Bh2+ 18. Kf1 Be5 19. Be3 O-O-O 20. c3 Rh1+ 21. Ke2 Rh2 22. Rg1 Nh4 23. g3 Ng6 24. Nf5 b6 25. Rh1 Rdh8 26. Rxh2 Rxh2 27. Kf3 c5 28. Rd1 a5 29. a4 c4 30. Kg4 c5 31. Nh6 1-0

[Event "*** Titled Tuesday 3|2 Blitz"]
[Site "Chess.com"]
[Date "2016.08.02"]
[Round "9"]
[White "Blitzstream"]
[Black "yian123"]
[Result "0-1"]
[WhiteElo "2444"]
[BlackElo "2392"]
[TimeControl "180+2"]
[EndTime "13:02:23 PDT"]
[Termination "yian123 won by resignation"]

1. e4 e5 2. Nf3 Nc6 3. d4 exd4 4.
Nxd4 Bb4+ 5. c3 Bc5 6. Nf5 g6 7. Be3 Bxe3 8. Nxe3 Nf6 9. Nd2 Qe7 10. Qc2 d5 11.
exd5 Nxd5 12. O-O-O Nxe3 13. fxe3 Bd7 14. Bc4 O-O-O 15.
Bd5 Ne5 16. Rhe1 c6 17. Be4 Be6 18. Qa4 Qc5 19. Nb3 Rxd1+ 20. Kxd1 Rd8+ 21. Kc2 Qc4 22. Qxc4 Bxc4 23. Rd1 Rxd1 24. Kxd1 Bxb3+ 25. axb3 Kc7 26. Ke2 a5 27. Bc2 c5 28. g3 Kd6 29. h4 h6 30.
Bd1 g5 31. hxg5 hxg5 32. Kd2 c4 33. Ke2 Nd3 34. b4 axb4 35. b3 bxc3 36. bxc4 Ne5 37. Bb3 Kc5 38. Ba2 f6 39. g4 b6 40. Bb3 Kb4 41. Ba2 Nxg4 42. Kd3 Ne5+ 43. Kc2 Nxc4 0-1

[Event "*** Titled Tuesday 3|2 Blitz"]
[Site "Chess.com"]
[Date "2016.08.02"]
[Round "9"]
[White "oggy1984"]
[Black "Tash_Boy"]
[Result "1-0"]
[WhiteElo "2322"]
[BlackElo "2300"]
[TimeControl "180+2"]
[EndTime "13:02:32 PDT"]
[Termination "oggy1984 won by checkmate"]

1. e4 e6 2. d4 d5 3. exd5 exd5 4. Nf3 Nc6 5. Bd3 Bd6 6. c3 Nge7 7. O-O Bg4 8. Re1 Qd7 9. Na3 O-O-O 10. Nb5 f6 11. Nxd6+ Qxd6 12. h3 Bd7 13. b4 g5 14.
b5 Na5 15. a4 g4 16. Ba3 Qf4 17.
Qd2 Qxd2 18. Nxd2 Ng6 19. hxg4 Bxg4 20. Bb4 Nf4 21. Bf1 b6 22. Be7 Rd7 23. Bxf6 Rg8 24. Re3 Rf7 25. Bh4 h5 26. Rae1 Kb7 27. Re7 Rf5 28.
Rh7 Bh3 29. Bg3 Bg4 30. Ree7 Rc8 31. Rhf7 Ng6 32. Rxc7+ Rxc7 33. Rxc7+ Ka8 34. Rc8+ Kb7 35. Rb8# 1-0

[Event "*** Titled Tuesday 3|2 Blitz"]
[Site "Chess.com"]
[Date "2016.08.02"]
[Round "9"]
[White "dabee"]
[Black "Dr-Bassem"]
[Result "0-1"]
[WhiteElo "2428"]
[BlackElo "2613"]
[TimeControl "180+2"]
[EndTime "13:03:08 PDT"]
[Termination "Dr-Bassem won by resignation"]

1. d4 f5 2. c4 Nf6 3. Nc3 e6 4. Bf4 Bb4 5. Qb3 a5 6. a3 Bxc3+ 7. Qxc3 a4 8. Nf3 O-O 9. e3 b6 10. Be2 Bb7 11. O-O d6 12. h3 Nbd7 13. Bh2 Qe8 14.
Rac1 Ne4 15. Qc2 Qg6 16. Rfd1 Ndf6 17. Ne1 Ng5 18. Kf1 Be4 19. Bd3 Qh5 20. f3 Rf7 21. Kg1 Bb7 22. c5 Bd5 23. Qf2 dxc5 24. dxc5 Raf8 25.
cxb6 cxb6 26. Bd6 Nfe4 27. Bxe4 fxe4 28. f4 Rd8 29. Be5 Qg6 30. Qg3 Nf3+ 31. Kf2 Nxe5 32. Qxg6 Nxg6 0-1

[Event "*** Titled Tuesday 3|2 Blitz"]
[Site "Chess.com"]
[Date "2016.08.02"]
[Round "9"]
[White "Alexander_Moskalenko"]
[Black "FairChess_on_YouTube"]
[Result "1-0"]
[WhiteElo "2655"]
[BlackElo "2698"]
[TimeControl "180+2"]
[EndTime "13:03:17 PDT"]
[Termination "Alexander_Moskalenko won by resignation"]

1. d4 d5 2. Bf4 Nf6 3. e3 c5 4. Nf3 Nc6 5. c3 g6 6. Nbd2 Bg7 7. h3 O-O 8. Be2 Nd7 9. O-O e5 10. dxe5 Ndxe5 11. Nxe5 Nxe5 12. Nf3 Nc6 13. Qb3 Qb6 14. Qxb6 axb6 15. Rfd1 Be6 16. Bc7 Rfc8 17. Bxb6 Nb8 18. Bb5 Bd7 19. a4 Bxb5 20. axb5 Rxa1 21. Rxa1 Nd7 22.
Ba7 Ra8 23. g4 Nb6 24. Nd2 Nc8 25. b6 Nxb6 26. Ra3 Nc4 27. Nxc4 dxc4 28. Bxc5 Rxa3 29. Bxa3 f5 30. Kg2 Kf7 31. f4 Ke6 32. Kf3 Kd5 33.
Be7 Ke6 34. Bb4 Kd5 35. g5 h5 36. h4 Bh8 37. Bf8 b5 38. Bb4 Bg7 39. Ba3 Bh8 40. Bf8 Ke6 41. e4 Kf7 42. Bc5 fxe4+ 43. Kxe4 Ke6 44.
Bd4 Bxd4 45. Kxd4 Kf5 46. Ke3 Kg4 47. Ke4 Kxh4 48. Kf3 1-0

[Event "*** Titled Tuesday 3|2 Blitz"]
[Site "Chess.com"]
[Date "2016.08.02"]
[Round "9"]
[White "Astaneh"]
[Black "Saitama_Hero"]
[Result "1-0"]
[WhiteElo "2481"]
[BlackElo "2211"]
[TimeControl "180+2"]
[EndTime "13:03:20 PDT"]
[Termination "Astaneh won by checkmate"]

1. e4 c5 2. Nc3 Nc6 3. Nf3 Nf6 4. b3 g6 5. Bb2 Bg7 6. Nd5 O-O 7. Nxf6+ exf6 8. Be2 Re8 9. d3 d5 10. exd5 Qxd5 11.
O-O b6 12. Nd2 Bb7 13. Bf3 Qd7 14. Ne4 Re6 15. Ng3 Rae8 16. Qd2 h5 17. h3 f5 18.
Bxg7 Kxg7 19. Rae1 h4 20. Ne2 Qe7 21. Kh2 Nd4 22. Bxb7 Rxe2 23. Rxe2 Qc7+ 24. Kh1 Rxe2 25. Qd1 Qxb7 26. c3 Rxa2 27. cxd4 cxd4 28. Qe1 Qd5 29.
Qe7 Rc2 30. Qxh4 Qxb3 31. Qxd4+ Kh7 32. Re1 Qc3 33. Qh4+ Kg7 34. Re8 Rc1+ 35. Kh2 Qc7+ 36. f4 Rg1 37. Qh8# 1-0

[Event "*** Titled Tuesday 3|2 Blitz"]
[Site "Chess.com"]
[Date "2016.08.02"]
[Round "9"]
[White "Generalas"]
[Black "AdrianaNikolova"]
[Result "0-1"]
[WhiteElo "2222"]
[BlackElo "2254"]
[TimeControl "180+2"]
[EndTime "13:03:21 PDT"]
[Termination "AdrianaNikolova won by resignation"]

1. e4 c5 2. c3 Nf6 3. e5 Nd5 4. d4 cxd4 5. cxd4 e6 6. Nf3 b6 7. Nc3 Nxc3 8. bxc3 Bb7 9. Bd3 d6 10. O-O Nd7 11. Re1 Qc7 12. Ng5 dxe5 13. Qh5 g6 14. Qh3 Be7 15. Bd2 Bd5 16. dxe5 h6 17. c4 Bxc4 18.
Rac1 b5 19. Qf3 O-O 20. Bxc4 bxc4 21. Nxf7 Rxf7 22. Qxa8+ Kg7 23. Qe4 Nb6 24. Be3 Nd5 25.
Rxc4 Qa5 26. Rf1 Qxa2 27. Rc6 Nb4 28. Rc7 Nd5 29. Rd7 a5 30. h4 h5 31. Rd1 Nc3 32. Bh6+ Kh7 33. Qc6 Nxd1 34. Qxe6 Qxe6 0-1

[Event "*** Titled Tuesday 3|2 Blitz"]
[Site "Chess.com"]
[Date "2016.08.02"]
[Round "9"]
[White "NTBT_DHS"]
[Black "ftorodent"]
[Result "0-1"]
[WhiteElo "2454"]
[BlackElo "2483"]
[TimeControl "180+2"]
[EndTime "13:03:22 PDT"]
[Termination "ftorodent won by resignation"]

1. d4 d5 2. c4 e6 3. Nf3 Be7 4. g3 Nf6 5. Bg2 O-O 6. O-O c6 7. Qc2 b6 8. Nbd2 Na6 9. Ne5 Bb7 10. Rd1 Rc8 11. a3 c5 12. dxc5 Nxc5 13. b4 Ncd7 14. Bb2 Qc7 15. Nxd7 Nxd7 16. Rac1 dxc4 17. Nxc4 Bxg2 18.
Kxg2 b5 19. Na5 Qxc2 20. Rxc2 Rxc2 21. Rxd7 Rxb2 22. Rxe7 Rxe2 23. Rxa7 g5 24. Nc6 Ra2 25. g4 Kg7 26. Nd4 Kg6 27. Nxb5 Rc8 28. Nd4 Rc4 29. Nf3 Rxg4+ 30. Kf1 Rf4 31. Ne5+ Kg7 32. Nd3 Rf3 33.
Rd7 Rd2 34. Ne5 Rxd7 35. Nxd7 Rxa3 36. b5 Rd3 37. Ne5 Rb3 0-1

[Event "*** Titled Tuesday 3|2 Blitz"]
[Site "Chess.com"]
[Date "2016.08.02"]
[Round "9"]
[White "simonachess"]
[Black "BillieKimbah"]
[Result "1-0"]
[WhiteElo "2173"]
[BlackElo "2513"]
[TimeControl "180+2"]
[EndTime "13:03:32 PDT"]
[Termination "simonachess won on time"]

1. d4 d5 2. c4 c6 3. Nc3 Nf6 4. Nf3 e6 5. Bg5 h6 6. Bxf6 Qxf6 7. Qb3 a5 8. e3 a4 9. Qc2 a3 10. b3 Nd7 11. Rc1 Bb4 12. Bd3 O-O 13. O-O Qe7 14. e4 dxc4 15. bxc4 e5 16. d5 Nc5 17. h3 Bd7 18. Rb1 Ba5 19. Rfd1 Rfc8 20. Qc1 Qf6 21. Qxa3 Bxc3 22. Qxc3 cxd5 23. cxd5 Nxe4 24. Qxe5 Nc3 25. Qxf6 gxf6 26. Rxb7 Nxd1 27. Rxd7 Rxa2 28. d6 Nxf2 29.
Rc7 Rd8 30. Bc4 Rb2 31. Rxf7 Kh8 32. Nh4 Rb4 33. Ng6+ Kg8 34. Rf8+ Kg7 35. Rxd8 Rxc4 36. Kxf2 Kxg6 37. d7 1-0

[Event "*** Titled Tuesday 3|2 Blitz"]
[Site "Chess.com"]
[Date "2016.08.02"]
[Round "9"]
[White "Wolverine_master"]
[Black "FearlessKing64"]
[Result "1/2-1/2"]
[WhiteElo "2020"]
[BlackElo "2071"]
[TimeControl "180+2"]
[EndTime "13:03:51 PDT"]
[Termination "Game drawn by agreement"]

1. e4 c5 2. Nf3 d6 3. d4 cxd4 4. Nxd4 Nf6 5. Nc3 a6 6. Bg5 e6 7. f4 Be7 8. Qf3 h6 9. Bxf6 Bxf6 10. O-O-O Qb6 11. Qd3 O-O 12. g4 Bxd4 13. Qxd4 Qxd4 14. Rxd4 Rd8 15. Bc4 Nc6 16. Rd2 b5 17. Bb3 Kf8 18.
Rhd1 Ke7 19. f5 Bb7 20. Rf1 Na5 21. Rdf2 Nxb3+ 22. axb3 Rf8 23. Kd2 b4 24. Na2 a5 25.
Ke3 Ba6 26. Rd1 Rac8 27. Nc1 Rc6 28. Rdd2 Rfc8 29. Nd3 Bxd3 30. Kxd3 Rc5 31. Rf1 d5 32. e5 Rd8 33. Rdf2 d4 34. fxe6 Kxe6 35. Rxf7 Rxe5 36. Rxg7 Re3+ 37. Kd2 Rh3 38. Rf2 Rd5 39. Rg6+ Ke7 40. Ra6 d3 41. cxd3 Rdxd3+ 42. Kc2 Rd5 43. Re2+ Kd7 44. Rf2 Rc5+ 45. Kd2 Rd5+ 46. Kc2 1/2-1/2

[Event "*** Titled Tuesday 3|2 Blitz"]
[Site "Chess.com"]
[Date "2016.08.02"]
[Round "9"]
[White "ShimanovAlex"]
[Black "workhard91"]
[Result "0-1"]
[WhiteElo "2560"]
[BlackElo "2404"]
[TimeControl "180+2"]
[EndTime "13:03:57 PDT"]
[Termination "workhard91 won by checkmate"]

1. d4 Nf6 2. Bg5 Ne4 3. Bf4 d5 4. f3 Nf6 5. e4 e6 6. e5 Nfd7 7. Be3 c5 8. c3 Nc6 9. f4 Qb6 10. Qd2 cxd4 11. cxd4 Bb4 12. Nc3 O-O 13. Nf3 Na5 14.
Bd3 f5 15. O-O Qc6 16. Qe2 Bxc3 17. bxc3 Nb6 18. g4 Nac4 19. Bc1 Na4 20. Ba3 Nxa3 21. gxf5 exf5 22. Ng5 h6 23. Nh3 Qxc3 24. Kh1 Qxd4 25.
Rg1 Rf7 26. e6 Bxe6 27. Qxe6 Qxd3 28. Rxg7+ Kxg7 29. Rg1+ Kf8 30. Qxh6+ Ke7 31. Ng5 Qe3 32. Qh4 Kd7 33. Re1 Rh8 34. Rxe3 Rxh4 35. Rxa3 Rg7 36.
Rxa4 Rxg5 37. Rxa7 Rgg4 38. Rxb7+ Kc6 39. Rb1 Rxf4 40.
Rc1+ Rc4 41. Rd1 Rc2 42. Re1 Rhxh2+ 43. Kg1 Rhe2 44. Rf1 Rxa2 45. Kh1 Rec2 46. Kg1 d4 47. Kh1 d3 48. Kg1 d2 49. Kh1 Rc1 50. Rg1 Rxg1+ 51. Kxg1 d1=Q# 0-1

[Event "*** Titled Tuesday 3|2 Blitz"]
[Site "Chess.com"]
[Date "2016.08.02"]
[Round "9"]
[White "Ginger_GM"]
[Black "Evgeny_Levin"]
[Result "0-1"]
[WhiteElo "2400"]
[BlackElo "2654"]
[TimeControl "180+2"]
[EndTime "13:03:58 PDT"]
[Termination "Evgeny_Levin won by resignation"]

1. e4 Nf6 2. e5 Nd5 3. Qf3 c6 4. Nc3 Nb6 5. d4 d5 6. exd6 exd6 7. Bd3 Be7 8. h4 N8d7 9. Bf4 Nf6 10. Qe2 Be6 11.
O-O-O Qd7 12. f3 O-O-O 13. g4 h5 14. g5 Nfd5 15. Nxd5 Nxd5 16. Bg3 Nb4 17. Bc4 Rde8 18. a3 Nd5 19. Qd2 Bd8 20. Ne2 Ne3 21. Bxe6 Qxe6 22. d5 Qxd5 23. Qxd5 Nxd5 24. Nd4 Ne3 25. Rd3 Bb6 26.
Bxd6 Bxd4 27. Rxd4 Nf5 28. Rd3 Rd8 29. Be5 Rxd3 30.
cxd3 Rd8 31. Kd2 Re8 32. f4 Kd7 33. b4 Ke6 34. Kc3 f6 35. gxf6 gxf6 36. Bd4 Kf7 37. a4 a6 38. Rb1 Rg8 39. b5 cxb5 40. axb5 Rc8+ 41. Kd2 Nxd4 42. bxa6 bxa6 43. Rb7+ Kg6 44.
Ke3 Nf5+ 45. Ke4 Nd6+ 0-1

[Event "*** Titled Tuesday 3|2 Blitz"]
[Site "Chess.com"]
[Date "2016.08.02"]
[Round "9"]
[White "profofchess"]
[Black "diokletian"]
[Result "0-1"]
[WhiteElo "2320"]
[BlackElo "2439"]
[TimeControl "180+2"]
[EndTime "13:04:02 PDT"]
[Termination "diokletian won by checkmate"]

1. e4 c5 2. Nf3 e6 3. c3 Nf6 4. Bd3 d5 5. e5 Nfd7 6. Bc2 c4 7. d4 cxd3 8. Bxd3 Nc6 9. Bf4 Be7 10. h4 Nc5 11. Bc2 b6 12. b4 Ne4 13. Ba4 Bd7 14. Bxc6 Bxc6 15. Nd4 Rc8 16. g3 Bd7 17. O-O Nxc3 18.
Nxc3 Rxc3 19. Qg4 g6 20. Rac1 h5 21. Qe2 Qc8 22. Nb5 Rc4 23. Nd6+ Bxd6 24. exd6 f6 25. Qd3 Kf7 26. Rfe1 Qc6 27. Qf3 Kg7 28. Qd3 Rc8 29. a3 e5 30. Bd2 Qxd6 31. f4 Bf5 32. Qe3 Rxc1 33. Rxc1 Rxc1+ 34. Bxc1 d4 35. fxe5 fxe5 36.
Qh6+ Kf7 37. Bg5 e4 38. Qh7+ Ke6 39. Qg8+ Kd7 40. Qd8+ Kc6 41. Qa8+ Kb5 42. Bf4 Qd7 43. Qb8 e3 44. Qe5+ Ka4 45. Bg5 Bh3 46. Bf6 Qc6 47.
Qxd4 Qg2# 0-1

[Event "*** Titled Tuesday 3|2 Blitz"]
[Site "Chess.com"]
[Date "2016.08.02"]
[Round "9"]
[White "Tesla37"]
[Black "Chesstrainer1"]
[Result "1-0"]
[WhiteElo "2660"]
[BlackElo "2445"]
[TimeControl "180+2"]
[EndTime "13:04:10 PDT"]
[Termination "Tesla37 won on time"]

1. e4 c5 2. Nf3 e6 3. d4 cxd4 4. Nxd4 Nc6 5. Nc3 a6 6. Nxc6 bxc6 7. Bd3 Qc7 8. O-O Nf6 9. f4 d5 10. Qf3 Be7 11. Bd2 O-O 12. Kh1 Bb7 13. Rae1 c5 14. e5 Nd7 15. Qh3 g6 16. f5 exf5 17. Rxf5 c4 18.
Rh5 Nf6 19. exf6 Bxf6 20. Rxh7 cxd3 21. Rf1 Bg7 22. Bh6 Kxh7 23. Bf4+ Kg8 24. Bxc7 dxc2 25.
Bd6 Rfd8 26. Be7 Re8 27. Qd7 d4 28. Qxb7 dxc3 29. Ba3 Rab8 30. Qxf7+ Kh7 31. b3 Rbd8 32. Qf3 Rd2 33. Bc1 Red8 34. Qh3+ Kg8 35. Qe6+ Kh7 36. Qh3+ Kg8 37. Qe6+ Kh7 38. Kg1 Rd1 39. Be3 1-0

[Event "*** Titled Tuesday 3|2 Blitz"]
[Site "Chess.com"]
[Date "2016.08.02"]
[Round "9"]
[White "igorkovalenko"]
[Black "DeviatkinAndrey"]
[Result "0-1"]
[WhiteElo "2557"]
[BlackElo "2593"]
[TimeControl "180+2"]
[EndTime "13:04:16 PDT"]
[Termination "DeviatkinAndrey won by resignation"]

1. d4 d5 2. Nf3 Nf6 3. c4 c6 4.
Nc3 dxc4 5. a4 Bf5 6. Ne5 e6 7. f3 Bb4 8. Nxc4 h6 9. Kf2 Nbd7 10. e4 Bh7 11. Be3 O-O 12. Qb3 a5 13. Be2 Qc7 14. Rac1 e5 15. dxe5 Nxe5 16. g3 Nxc4 17. Qxc4 Qe7 18.
Rhd1 Rfd8 19. Na2 Bd6 20. Rd2 Bxe4 21. fxe4 Nxe4+ 22. Kf3 Nxd2+ 23. Bxd2 Bxg3 24. hxg3 Rxd2 25. Nc3 Re8 26. Re1 Qe3+ 27. Kg2 Rxb2 28. Kh3 Qe6+ 29.
Qxe6 Rxe6 30. Kg4 Re3 31. Rc1 Rbxe2 32. Nxe2 Rxe2 33. Rb1 Re4+ 34. Kf5 Rxa4 35. Rxb7 Ra1 36. Rc7 a4 37. Rxc6 a3 38. Ra6 g6+ 39. Kg4 Kg7 40.
Kh3 h5 41. Kg2 g5 42. Ra5 f6 43.
Ra7+ Kg6 44. Ra4 Ra2+ 45. Kf3 Kf5 46. Ra5+ Ke6 47. Ra6+ Ke5 48. Ra4 Ra1 49. Kg2 h4 50. gxh4 gxh4 51. Rxh4 Rb1 52. Ra4 Rb3 53. Kf2 f5 54.
Ke2 f4 55. Kd2 Kf5 56. Ke2 Kg4 57. Ra8 Rb2+ 58. Kd3 a2 59. Ke4 Re2+ 60. Kd3 f3 61. Rg8+ Kf4 62. Ra8 Kg3 63. Rg8+ Kf2 64. Ra8 Kf1 0-1

[Event "*** Titled Tuesday 3|2 Blitz"]
[Site "Chess.com"]
[Date "2016.08.02"]
[Round "9"]
[White "fastestmindalive"]
[Black "TyIerDurden"]
[Result "1-0"]
[WhiteElo "2439"]
[BlackElo "2494"]
[TimeControl "180+2"]
[EndTime "13:04:19 PDT"]
[Termination "fastestmindalive won by resignation"]

1. e4 e6 2. b3 d5 3. Bb2 dxe4 4. Nc3 Nf6 5. Qe2 Bd7 6. Nxe4 Be7 7. O-O-O Nxe4 8.
Qxe4 Bc6 9. Qg4 Bf6 10. d4 a5 11. a4 Nd7 12. Nf3 O-O 13. Bd3 g6 14. h4 Bg7 15.
h5 Nf6 16. Qh3 Bxf3 17. Qxf3 Qd5 18. Qe3 Ng4 19. Qe2 Nf6 20. hxg6 hxg6 21. Kb1 c6 22. f3 b5 23. axb5 a4 24. Bc4 Qd8 25.
bxc6 Qb6 26. Rh4 axb3 27. Bxb3 Qxc6 28. Rdh1 Nd5 29. c4 Nf6 30. d5 Qb7 31. Qe5 Qe7 32.
d6 Qd8 33. c5 Rb8 34. Kc2 Rb5 35. g4 Rxc5+ 36. Qxc5 Qc8 37. Qxc8 Rxc8+ 38. Kb1 Rb8 39. Kc2 Rc8+ 40. Kb1 Rb8 41. Rh8+ Bxh8 42. Rxh8+ Kxh8 43. Bxf6+ Kh7 44. Kb2 Rb7 45. g5 Rd7 46. Be7 Rb7 47.
Kc3 Ra7 48. Bc4 Rb7 49. Kd4 Kg7 50. Bf6+ Kf8 51. Kc5 Ke8 52. Bb5+ Kf8 53. d7 1-0

[Event "*** Titled Tuesday 3|2 Blitz"]
[Site "Chess.com"]
[Date "2016.08.02"]
[Round "9"]
[White "Zhani-Z"]
[Black "wnstop"]
[Result "0-1"]
[WhiteElo "2287"]
[BlackElo "2457"]
[TimeControl "180+2"]
[EndTime "13:04:20 PDT"]
[Termination "wnstop won on time"]

1. e4 c5 2. Nf3 Nc6 3. d4 cxd4 4. Nxd4 e5 5. Nb5 d6 6. c4 Be7 7. N1c3 a6 8. Na3 f5 9. exf5 Bxf5 10. Bd3 Be6 11.
O-O Nf6 12. Nc2 O-O 13. Be2 Qd7 14. Be3 Rae8 15. Nd5 Bd8 16. Nc3 Ba5 17. Rb1 Bxc3 18.
bxc3 Ne4 19. Qd3 Bf5 20. Qd5+ Kh8 21. Rb3 Nf6 22. Qd2 Na5 23. Ra3 Qc7 24. Nb4 Ne4 25. Qd5 Nf6 26. Qd2 Be6 27. Nd5 Bxd5 28. cxd5 Nc4 29.
Bxc4 Qxc4 30. Rb1 Re7 31. Rd1 Ref7 32. Rb3 Ng4 33. Rb4 Qc8 34. Bb6 Qf5 35. f3 Nf6 36.
Be3 Nh5 37. Rb6 Qg6 38. Kh1 Rf6 39. Rxb7 e4 40. f4 Qg4 41. Rf1 Rh6 42. Kg1 Rhf6 43. c4 Qh4 44. Qf2 Qg4 45. Qd2 Qc8 46. Rb4 Rg6 47.
c5 dxc5 48. Rxe4 Nf6 49. Re5 Ng4 50. Re7 Qd8 51. d6 Rxd6 0-1

[Event "*** Titled Tuesday 3|2 Blitz"]
[Site "Chess.com"]
[Date "2016.08.02"]
[Round "9"]
[White "RamonManon0g"]
[Black "stepanosinovsky"]
[Result "0-1"]
[WhiteElo "2229"]
[BlackElo "2226"]
[TimeControl "180+2"]
[EndTime "13:04:31 PDT"]
[Termination "stepanosinovsky won by resignation"]

1. d4 Nf6 2. c4 g6 3. Nc3 Bg7 4. e4 O-O 5. Nf3 d6 6. h3 Nbd7 7. e5 Ne8 8. Bg5 f6 9. exf6 exf6 10. Be3 f5 11. Qd2 Nef6 12. Bd3 c6 13. O-O d5 14. cxd5 cxd5 15. Bg5 Qb6 16. Rfe1 Ne4 17. Bxe4 dxe4 18. Ne5 Nxe5 19. dxe5 Bxe5 20. Rad1 Be6 21. Nd5 Qxb2 22.
Qxb2 Bxb2 23. Nc7 Bc4 24. Nxa8 Rxa8 25. Rd7 b5 26. Red1 Bd3 27. f3 b4 28. fxe4 fxe4 29.
Be3 a5 30. Ra7 Rxa7 31. Bxa7 a4 32. Bc5 b3 33. axb3 axb3 34. Kf2 Bc3 35. Ba3 b2 36. Bxb2 Bxb2 37. Ke3 Bf6 38. g3 Bg5+ 39. Kd4 Bf6+ 40.
Ke3 Be7 41. Ra1 Bc5+ 42. Kf4 Bd6+ 43. Ke3 Bxg3 44. Ra7 Bh4 45. Ra5 Bf6 46. Kf4 Be7 47. Ra8+ Bf8 48. Ra7 Bh6+ 49. Ke5 e3 50. Kf6 e2 51. Ra8+ Bf8 52. Re8 Bc4 53. Re4 Bg7+ 54. Kg5 Bb5 55. Kf4 Bc3 56. Kg5 e1=Q 57. Rxe1 Bxe1 0-1

[Event "*** Titled Tuesday 3|2 Blitz"]
[Site "Chess.com"]
[Date "2016.08.02"]
[Round "9"]
[White "Aragon"]
[Black "calemcc"]
[Result "0-1"]
[WhiteElo "2073"]
[BlackElo "2117"]
[TimeControl "180+2"]
[EndTime "13:04:41 PDT"]
[Termination "calemcc won by resignation"]

1. e4 e6 2. c4 d5 3. cxd5 exd5 4. Qb3 dxe4 5. Bc4 Qe7 6. Nc3 Nf6 7. d3 exd3+ 8. Be3 Nbd7 9. O-O-O Nb6 10. Bxb6 axb6 11. Nf3 Be6 12. Bxe6 fxe6 13. Rxd3 g6 14. Re3 O-O-O 15.
Rxe6 Qg7 16. Qc4 Bd6 17. Nb5 Ne8 18. Rhe1 Qf7 19. b3 Bf4+ 20. Kb1 Nd6 21. Nxd6+ Bxd6 22. Rxd6 Qf5+ 23. Qe4 Qxe4+ 24. Rxe4 Rxd6 25. Kc2 Rf8 26. Re2 Rc6+ 27. Kb2 Rcf6 28. Kc2 h6 29. h3 g5 30. Kd2 h5 31. Ke1 g4 32. hxg4 hxg4 33. Ne5 g3 34. f3 Re8 35. Re3 Rfe6 36. f4 Rf6 37. Re4 Ref8 38. Nd3 Rd8 39. Ke2 Rfd6 40. Re3 Rg8 41.
Ne5 Rf6 42. Kf3 Rd6 43. Nc4 Rd4 44. Re4 Rxe4 45. Kxe4 b5 46. Na3 c6 47. Nb1 Kc7 48.
Nd2 Ra8 49. Nf1 Rxa2 50. Nxg3 Rxg2 51. Kf3 Rb2 52. Ne4 Rxb3+ 53. Kg4 Rb2 54. f5 Rb1 55. f6 Rf1 56. Kg5 b4 57. Ng3 Rf3 58. Kg4 Rxf6 59. Ne4 0-1

[Event "*** Titled Tuesday 3|2 Blitz"]
[Site "Chess.com"]
[Date "2016.08.02"]
[Round "9"]
[White "saraswathii"]
[Black "AnastasiaProtopopova"]
[Result "0-1"]
[WhiteElo "2109"]
[BlackElo "2065"]
[TimeControl "180+2"]
[EndTime "13:04:43 PDT"]
[Termination "AnastasiaProtopopova won by resignation"]

1. e4 e5 2. d3 Nc6 3. Nf3 d5 4. exd5 Qxd5 5. Nc3 Bb4 6. Bd2 Bxc3 7. Bxc3 Nf6 8. Be2 O-O 9. O-O Re8 10. Re1 Nd4 11.
Nxd4 exd4 12. Bf3 Rxe1+ 13. Qxe1 Qd8 14. Bd2 c6 15. Qe5 Be6 16. Bg5 Nd7 17. Qg3 f6 18. Bh6 Qf8 19. Re1 Bf7 20. Re7 Re8 21. Rxe8 Bxe8 22.
h4 Ne5 23. Bf4 Nxf3+ 24. Qxf3 Bf7 25. Qe4 Qb4 26. b3 h5 27. Bg3 g6 28. Bc7 Kg7 29.
Qf4 Qc5 30. Bd6 Qd5 31. Bb8 a6 32. Ba7 c5 33. Qc7 Qe5 34. Qxe5 fxe5 35. Bxc5 Kf6 36.
Kh2 Ke6 37. Kg3 Kd5 38. Ba7 Be6 39. Kf3 Bg4+ 40. Kg3 Bd1 41. f4 exf4+ 42. Kxf4 Bxc2 43. g4 hxg4 44. Kxg4 Bxd3 45. Kf4 Bc2 46. Kg5 d3 47.
Be3 Ke4 48. Bd2 Kf3 49. Kxg6 Ke2 50. h5 Kxd2 51. h6 Ke2 52. h7 d2+ 53. Kg7 Bxh7 0-1

[Event "*** Titled Tuesday 3|2 Blitz"]
[Site "Chess.com"]
[Date "2016.08.02"]
[Round "9"]
[White "Colombiano07"]
[Black "Balandel"]
[Result "0-1"]
[WhiteElo "2220"]
[BlackElo "2340"]
[TimeControl "180+2"]
[EndTime "13:04:46 PDT"]
[Termination "Balandel won by resignation"]

1. e4 Nf6 2. Nc3 d5 3. d4 dxe4 4. Bg5 Nbd7 5. f3 e3 6. Bxe3 e6 7. Qd2 b6 8. O-O-O Bb7 9. Bd3 Bb4 10. Kb1 Nd5 11. Nge2 O-O 12. a3 Nxe3 13. Qxe3 Bxc3 14.
Nxc3 Re8 15. h4 a6 16. h5 h6 17. g4 Qg5 18. Qxg5 hxg5 19. Be4 Rab8 20. Bxb7 Rxb7 21. h6 Nf6 22. hxg7 Kxg7 23. d5 Rbb8 24. d6 cxd6 25. Rxd6 Rec8 26. Rhd1 Rc4 27. R1d4 Rc7 28. Na4 b5 29.
Nc3 a5 30. Ra6 b4 31. axb4 axb4 32. Ne4 Nxe4 33. Rxe4 Rb5 34. Ra4 Rcb7 35. b3 R7b6 36. Kc1 Kg6 37. Kd2 f5 38. Rc4 Kf6 39. Ra8 Rd5+ 40.
Ke3 f4+ 41. Ke2 Rbd6 42. Ra1 Rd2+ 43. Kf1 Rh2 44. Kg1 Rdd2 45. Rxb4 Rdg2+ 46. Kf1 Rxc2 47. Kg1 Rcg2+ 48. Kf1 Rg3 49. Ra6 Rxf3+ 50. Kg1 Re2 51. Rb8 Rc3 52. Kf1 Rh2 53. Kg1 Rb2 54. Ra1 Rcxb3 55.
Rxb3 Rxb3 56. Kf2 Rg3 0-1